Map: Port Aleksander LE

Players

xKawaiian

  • Race: Terran Terran
  • League: Grandmaster
  • Spawn Location: 5:00

Tesla (Rob) - Winner!

  • Race: Protoss Protoss
  • League: Grandmaster
  • Spawn Location: 11:00

Event: Cheeseadelphia 8

VOD

Have the link to the VOD?

Description

Time

  • Played on: Dec. 8, 2018, 4:42 p.m.
  • Length: 9:54

All games in this series

Show
View Real Time Build Order
Export as new Build Order

xKawaiian Terran 

Build Orders: Liberator Opening 

Get SALT Encoding   

  12  0:00  SCV  
  13  0:12  SCV  
  14  0:18  Supply Depot  
  14  0:28  SCV  
  15  0:40  SCV  
  16  0:43  Barracks  
  16  0:47  Refinery  
  16  0:52  SCV  
  17  0:57  Refinery  
  17  1:04  SCV  
  18  1:16  SCV  
  19  1:20  Barracks  
  19  1:28  SCV  
  20  1:49  SCV  
  21  1:57  Supply Depot  
  22  2:08  Reaper  
  22  2:10  Orbital Command  
  22  2:14  Factory  
  22  2:28  Command Center  
  22  2:36  SCV  
  23  2:42  Barracks Reactor  
  23  2:49  SCV  
  24  3:01  SCV  
  24  3:02  Factory Tech Lab  
  24  3:09  Starport  
  24  3:13  SCV  
  24  3:18  Marine  
  24  3:19  Marine  
  27  3:21  Cyclone  
  27  3:25  SCV  
  31  3:30  Liberator  
  31  3:31  Supply Depot  
  31  3:40  Marine x2, SCV  
  34  3:41  Orbital Command  
  37  3:56  Widow Mine  
  37  3:57  Marine x2  
  37  4:00  SCV  
  42  4:04  Orbital Command  
  42  4:12  SCV  
  42  4:14  Barracks  
  42  4:16  Barracks  
  43  4:17  Marine x2  
  45  4:24  SCV  
  46  4:33  Starport Reactor  
  46  4:34  SCV  
  46  4:35  Siege Tank  
  46  4:37  SCV  
  51  4:41  Marine x2  
  53  4:45  Supply Depot  
  53  4:48  Engineering Bay  
  53  4:50  SCV  
  54  5:04  Barracks Reactor  
  54  5:07  Marine x2, SCV x2  
  58  5:18  Refinery, Marine x2  
  58  5:19  SCV x2  
  58  5:20  Supply Depot, Starport Reactor  
  62  5:29  Marine x2  
  62  5:30  Supply Depot x2  
  62  5:31  Terran Infantry Weapons Level 1, SCV  
  62  5:33  Factory Tech Lab  
  62  5:36  Stimpack  
  62  5:41  Marine, SCV  
  64  5:44  Supply Depot  
  64  5:47  Marine  
  62  6:00  Medivac x2, Marine  
  62  6:01  Siege Tank  
  69  6:12  Marine x2  
  69  6:13  Barracks, Marine x2  
  69  6:14  Barracks  
  69  6:18  Marine  
  74  6:21  Missile Turret  
  74  6:30  Medivac, Marine x3  
  74  6:31  Marauder  
  74  6:32  Medivac  
  83  6:36  Marine  
  84  6:48  Marine, Siege Tank  
  84  6:51  Missile Turret  
  85  7:05  Barracks Reactor, Barracks Tech Lab  
  79  7:11  Marine x3  
  79  7:12  Marauder  
  82  7:24  Marine, Marauder  
  82  7:29  Marine, Combat Shield  
  81  7:33  Marauder  
  81  7:34  Marine  
  81  7:36  Marine, Siege Tank  
  88  7:41  Marine  
  88  7:42  Marine  
  88  7:43  SCV x2  
  92  7:45  Marauder  
  92  7:46  Refinery  
  94  7:52  Supply Depot  
  94  7:55  Supply Depot  
  94  8:13  Marine x4  
  94  8:14  Marauder x2  
  94  8:16  Marine x2  
  83  8:28  SCV  
  83  8:31  Marine x4  
  83  8:33  Marine  
  89  8:34  Marine  
  89  8:35  Marauder x2  
  86  8:49  Marine x2  
  86  8:50  Marine x2  
  86  8:51  Medivac x2, Marine  
  91  8:56  Marauder x2  
  91  8:58  Marine  
  95  9:06  Marine  
  94  9:10  Marine  
  94  9:11  Marine  
  85  9:18  Marauder x2  
Show
View Real Time Build Order
Export as new Build Order

Tesla Protoss - Winner!

Build Orders: 1 Gate Expand, Oracle Opening 

Get SALT Encoding   

  12  0:00  Probe  
  13  0:12  Probe  
  14  0:18  Pylon  
  14  0:24  Probe  
  15  0:32  Probe  
  15  0:39  Gateway  
  15  0:40  Probe  
  17  0:51  Probe  
  17  0:55  Assimilator  
  18  1:03  Probe  
  19  1:15  Probe  
  20  1:25  Nexus  
  20  1:34  Probe  
  20  1:36  Cybernetics Core  
  21  1:42  Probe  
  22  1:48  Assimilator  
  22  1:52  Probe  
  22  1:59  Pylon  
  23  2:08  Adept  
  23  2:12  Warp Gate  
  23  2:17  Probe  
  26  2:29  Probe  
  27  2:33  Probe  
  27  2:41  Probe x2  
  27  2:43  Stalker  
  31  2:44  Shield Battery  
  31  2:51  Probe  
  31  2:53  Probe  
  33  3:03  Probe x2  
  34  3:11  Probe, Stargate  
  35  3:13  Stalker  
  35  3:15  Probe  
  39  3:20  Probe  
  40  3:28  Probe  
  41  3:35  Nexus  
  41  3:36  Probe  
  41  3:40  Probe  
  43  3:43  Pylon  
  43  3:48  Probe  
  43  3:51  Oracle  
  43  3:52  Probe  
  45  4:00  Probe  
  49  4:10  Probe  
  49  4:13  Probe  
  51  4:18  Gateway x2  
  51  4:19  Forge  
  51  4:20  Twilight Council  
  51  4:22  Pylon  
  51  4:23  Probe  
  52  4:25  Probe  
  52  4:27  Oracle  
  53  4:35  Pylon  
  53  4:37  Probe  
  54  4:39  Blink  
  54  4:40  Probe  
  54  4:41  Stalker  
  54  4:44  Protoss Ground Weapons Level 1  
  60  4:47  Probe  
  60  4:49  Probe, Pylon  
  62  4:52  Probe  
  64  5:00  Probe  
  64  5:01  Probe  
  65  5:08  Probe  
  65  5:13  Probe  
  67  5:14  Gateway  
  67  5:15  Gateway  
  67  5:16  Probe  
  67  5:20  Photon Cannon  
  66  5:22  Stalker  
  66  5:25  Probe  
  67  5:28  Probe  
  67  5:31  Stalker  
  67  5:32  Probe  
  71  5:36  Gateway  
  71  5:37  Probe  
  71  5:40  Gateway  
  72  5:45  Probe  
  72  5:49  Probe  
  71  5:57  Stalker  
  71  5:58  Stalker x2  
  71  6:01  Probe  
  71  6:02  Probe x2  
  71  6:03  Assimilator x2  
  77  6:05  Assimilator  
  77  6:08  Assimilator  
  77  6:10  Gateway x2  
  77  6:14  Probe x2  
  77  6:15  Probe  
  77  6:17  Stalker  
  82  6:19  Stalker  
  84  6:26  Probe x2  
  84  6:27  Probe, Robotics Facility  
  87  6:32  Charge  
  87  6:39  Pylon  
  87  6:40  Stalker x2, Pylon  
  87  6:41  Protoss Ground Armor Level 1  
  91  6:48  Stalker  
  91  6:52  Forge  
  93  7:00  Pylon x2  
  91  7:01  Pylon  
  89  7:22  Zealot x6  
  97  7:23  Pylon, Zealot  
  97  7:25  Pylon  
  97  7:26  Pylon  
  101  7:32  Observer  
  98  7:48  Zealot x3  
  98  7:49  Zealot x5  
  98  7:50  Templar Archives  
  114  7:55  Pylon  
  114  7:58  Immortal  
  114  8:09  Stalker x4  
  120  8:21  Stalker x3  
  116  8:29  Stalker  
  116  8:31  Stalker  
  116  8:33  Stalker x3  
  126  8:34  Zealot  
  126  8:45  Zealot x3  
  132  8:54  Pylon  
  132  8:55  Nexus  
  132  8:58  High Templar  
  132  8:59  High Templar x3  
  132  9:01  High Templar  
  142  9:02  High Templar  
  142  9:03  Archon x2  
  144  9:10  Archon  
  144  9:14  Pylon  
  110  9:26  High Templar x2  
  104  9:32  Stalker x3  
  104  9:33  Stalker x2  
Tags
 
Add a new tag
Caveats
  • Supply blocks, unpowered buildings, or Contaminate may cause inaccurate times.
  • Supply counts are checked every 10 seconds.